Match 47466366
Unlisted

Match 47466366
End
Panzergrenadier Squad
250 Light Carrier
Construct Light Support Kompanie
Panzergrenadier Squad
Construct Mechanized Kompanie
Marder III Tank Destroyer
Marder III Tank Destroyer
8 Rad Armored Car
8 Rad Armored Car
Vehicle Survival Package
Construct Panzerarmee Kommand
Walking Stuka Rocket Launcher
Walking Stuka Rocket Launcher
Panzergrenadier Squad
Panzergrenadier Squad
Selects Armored Support Battlegroup
Selects Vehicle Awareness
Selects Panzer Storm
Selects Stuka Anti-tank Loiter
Vehicle Awareness
Stuka Anti-tank Loiter
Armored Reserves
Walking Stuka Rocket Launcher
Vehicle Awareness
Stuka Anti-tank Loiter
Tiger Heavy Tank
Rapid Advance
Emergency Repair Kits
John Wayne
void
Onkel Franz
battle_pangolin
Pinhi
Dzwony Stefana
JVM
head2dead
0
0

Comments sign in to comment!

No comments posted yet!